 Dungeon Crawl Stone Soup version 0.14-a0-882-gdff4d47 (console) character file.

259 Kellhus the Ruinous (level 5, 29/29 HPs)
             Began as an Octopode Wizard on Nov 17, 2013.
             Quit the game on Level 3 of the Dungeon.
             The game lasted 00:03:42 (2836 turns).

Kellhus the Ruinous (Octopode Wizard)               Turns: 2836, Time: 00:03:42

HP  29/29        AC  1     Str  7      XL: 5   Next: 15%
MP   8/12        EV 12     Int 21      God:
Gold 127         SH  0     Dex 10      Spells:  1 memorised,  9 levels left

Res.Fire  : . . .   See Invis. : .   (no weapon)
Res.Cold  : . . .   Warding    : .   (no shield)
Life Prot.: . . .   Conserve   : .   b - +0 wizard hat
Res.Poison: .       Res.Corr.  : .   (no amulet)
Res.Elec. : .       Clarity    : .   (no ring)
Sust.Abil.: . .     Spirit.Shd : .   (no ring)
Res.Mut.  : .       Stasis     : .   (no ring)
Res.Rott. : .       Flight     : .   (no ring)
Saprovore : . . .                    (no ring)
                                     (no ring)
                                     (no ring)
                                     (no ring)

@: slightly resistant to hostile enchantments, stealthy
A: almost no armour, amphibious, 8 rings, constrict 8, camouflage 1,
regeneration 1, AC +1
a: no special abilities


You were on level 3 of the Dungeon.
You were very hungry.

You visited 1 branch of the dungeon, and saw 3 of its levels.

You collected 127 gold pieces.

Inventory:

Armour
 b - a +0 wizard hat (worn)
Comestibles
 d - 2 bread rations
 f - a pear
 g - 3 apples
 n - a meat ration
Scrolls
 e - a scroll of curse jewellery {unknown}
 h - 2 scrolls of teleportation {unknown}
 j - 2 scrolls of noise {unknown}
 l - a scroll of curse armour {unknown}
 o - a scroll of enchant armour {unknown}
 s - a scroll of identify {unknown}
 t - a scroll of recharging {unknown}
 u - a scroll of remove curse {unknown}
Potions
 a - 4 potions of curing
 i - a potion of mutation
 k - a potion of heal wounds
 m - 2 potions of brilliance
 p - a potion of flight {unknown}
 q - a potion of speed {unknown}
 r - 2 potions of might {unknown}
Books
 c - a book of Minor Magic

   Spells                             Type                      Level
   *Magic Dart                        Conjuration                  1
   Blink                              Translocation                2
   Call Imp                           Summoning                    2
   Repel Missiles                     Charms/Air                   2
   Slow                               Hexes                        2
   Conjure Flame                      Conjuration/Fire             3
   Mephitic Cloud                     Conjuration/Poison/Air       3


   Skills:
 - Level 2.0 Dodging
 - Level 2.6 Stealth
 - Level 3.0 Spellcasting
 + Level 4.8 Conjurations
   Level 1.0 Summonings
   Level 1.0 Translocations


You had 9 spell levels left.
You knew the following spells:

 Your Spells              Type           Power        Failure   Level  Hunger
a - Magic Dart            Conj           ###.         1%          1    None


Dungeon Overview and Level Annotations

Branches:
Dungeon (3/16)

Altars:
Kikubaaqudgha
Makhleb
Nemelex Xobeh
Jiyva


Innate Abilities, Weirdness & Mutations

You cannot wear most types of armour.
You are amphibious.
You can wear up to eight rings at the same time.
You can use your tentacles to constrict many enemies at once.
Your skin changes colour to match your surroundings (Stlth).
Your rubbery body absorbs attacks (AC +1).
Your natural rate of healing is unusually fast.


Message History

The magic dart hits the orc priest.
The orc priest is severely wounded.
The orc priest shouts!
Casting: Magic Dart
Confirm with . or Enter, or press ? or * to list all spells.
Aiming: Magic Dart
Press: ? - help, Shift-Dir - straight line, f/p - orc priest
Aim: an orc priest, wielding an orcish hand axe (severely wounded)
The magic dart hits the orc priest.
The orc priest is almost dead.
Casting: Magic Dart
Confirm with . or Enter, or press ? or * to list all spells.
Aiming: Magic Dart
Press: ? - help, Shift-Dir - straight line, f/p - orc priest
Aim: an orc priest, wielding an orcish hand axe (almost dead)
The magic dart hits the orc priest.
You kill the orc priest!
You have reached level 5!
You feel stronger.
An orc comes into view. It is wielding an orcish club.
Are you sure you want to abandon this character and quit the game? (Confirm with "yes".)

. . ###....### o.#.#..
+......+.. ....#..
###....### #.)...#
#....# #.....# #....#
#.....# ###....#
#....)# #...####
#.....# #...# #.@...##
#...# ##.....# #...#
#.....# #...# #.....#
#...# #.....# #...#
######.######...######
#.....................
#........#############
#........# #


You could see an orc (wandering).

Vanquished Creatures
  An orc priest (D:3)
  4 adders (D:2)
  A worm (D:2)
  6 oozes
  An orc (D:3)
  A ball python (D:1)
  10 bats
  4 giant cockroaches
  8 hobgoblins
  2 giant newts (D:1)
  5 goblins
  5 kobolds
  8 rats
56 creatures vanquished.

Notes
Turn   | Place    | Note
--------------------------------------------------------------
     0 | D:1      | Kellhus, the Octopode Wizard, began the quest for the Orb.
     0 | D:1      | Reached XP level 1. HP: 9/9 MP: 5/5
   239 | D:1      | Reached XP level 2. HP: 15/15 MP: 0/7
  1023 | D:1      | Reached XP level 3. HP: 19/19 MP: 1/9
  1394 | D:2      | Gained mutation: Your muscles are strong. (Str +2) [potion of mutation]
  1394 | D:2      | Lost mutation: Your muscles are strong. (Str +2) [potion of mutation]
  1394 | D:2      | Gained mutation: Your natural rate of healing is unusually fast. [potion of mutation]
  1475 | D:2      | Reached XP level 4. HP: 19/25 MP: 2/11
  1808 | D:2      | Reached skill level 4 in Conjurations
  2319 | D:3      | Found a burning altar of Makhleb.
  2326 | D:3      | Found a sparkling altar of Nemelex Xobeh.
  2332 | D:3      | Found an ancient bone altar of Kikubaaqudgha.
  2457 | D:3      | Found a viscous altar of Jiyva.
  2835 | D:3      | Reached XP level 5. HP: 29/29 MP: 8/12
  2836 | D:3      | Quit the game

Action                   |  1- 3 |  4- 6 || total
-------------------------+-------+-------++-------
Melee: Unarmed           |    23 |    11 ||    34
 Cast: Magic Dart        |    83 |    83 ||   166
  Use: Potion            |     4 |       ||     4
